 Dungeon Crawl Stone Soup version 0.25.0-26-g0c896c7088 (webtiles) character file.

Game seed: 4368984114773055065

1457 Peloso the Slasher (level 8, -5/61 HPs)
             Began as a Demonspawn Fighter on July 4, 2020.
             Was a Follower of Okawaru.
             Slain by a wraith (7 damage)
             ... led by Josephine
             ... on level 10 of the Dungeon.
             The game lasted 00:10:50 (7877 turns).

Peloso the Slasher (Demonspawn Fighter)             Turns: 7877, Time: 00:10:52

Health: -5/61      AC: 15    Str: 19    XL:     8   Next: 47%
Magic:  8/8        EV:  7    Int:  9    God:    Okawaru [*.....]
Gold:   365        SH:  9    Dex: 16    Spells: 7/7 levels left

rFire    . . .     SeeInvis .   a - +0 long sword
rCold    . . .     Gourm    .   c - +0 kite shield
rNeg     . . .     Faith    .   b - +0 scale mail
rPois    .         Spirit   .   i - +0 helmet
rElec    .         Reflect  .   (no cloak)
rCorr    .         Harm     .   t - +2 pair of gloves {Dex+3}
MR       .....                  p - +0 pair of boots
Stlth    +++.......             (no amulet)
HPRegen  0.20/turn              e - ring of wizardry
MPRegen  0.11/turn              (no ring)

@: mighty, slowed, heavily drained, very slow
A: thin metallic scales 2, nightstalker 2
a: Heroism, Renounce Religion


You were on level 10 of the Dungeon.
You worshipped Okawaru.
Okawaru was aware of your devotion.
You were not hungry.

You visited 2 branches of the dungeon, and saw 10 of its levels.

You collected 365 gold pieces.

Inventory:

Hand Weapons
 a - a +0 long sword (weapon)
Missiles
 n - 62 bolts
Armour
 b - a +0 scale mail (worn)
 c - a +0 kite shield (worn)
 i - a +0 helmet (worn)
 p - a +0 pair of boots (worn)
 t - a +2 pair of gloves of dexterity (worn)
Jewellery
 e - a ring of wizardry (left hand)
 q - an uncursed amulet of magic regeneration {unknown}
 w - a +6 ring of strength {unknown}
 z - an uncursed amulet of guardian spirit {unknown}
Wands
 y - a wand of flame (23)
Scrolls
 g - a scroll of blinking {unknown}
 m - 2 scrolls of enchant weapon {unknown}
 o - a scroll of magic mapping {unknown}
 r - a scroll of torment {unknown}
 s - 2 scrolls of amnesia {unknown}
 u - a scroll of enchant armour {unknown}
 v - a scroll of teleportation
 x - a scroll of remove curse
 A - a scroll of brand weapon {unknown}
Potions
 d - a potion of might
 h - a potion of brilliance {unknown}
 j - 2 potions of stabbing {unknown}
 k - 2 potions of mutation
 B - a potion of magic {unknown}
Comestibles
 f - 15 rations
 C - 3 chunks of flesh


   Skills:
 + Level 4.9(3.3) Fighting
 + Level 6.1(4.5) Long Blades
 + Level 5.0(3.3) Armour
 + Level 2.0(0.6) Dodging
 + Level 3.0(1.5) Stealth
 + Level 4.3(2.7) Shields


You had 7 spell levels left.
You didn't know any spells.
Your spell library contained the following spells:

 Spells                   Type           Power        Failure   Level  Hunger
 Beastly Appendage        Tmut           #.....       90%         1    ##.....
 Sticks to Snakes         Tmut           #.......     96%         2    ###....
 Spider Form              Tmut/Pois      #.........   99%         3    ####...
 Ice Form                 Ice/Tmut       #.......     100%        4    #####..
 Blade Hands              Tmut           #.........   100%        5    ######.


Dungeon Overview and Level Annotations

Branches:
Dungeon (10/15)            Temple (1/1) D:6            Lair (0/6) D:8
    Orc: D:9-12

Altars:
Ashenzari
Cheibriados
Dithmenos
Elyvilon
Fedhas
Hepliaklqana
Kikubaaqudgha
Makhleb
Nemelex Xobeh
Okawaru
Qazlal
Ru
Sif Muna
Trog
Uskayaw
Vehumet
Wu Jian
Xom
Yredelemnul
Zin
The Shining One

Annotations:
D:3 1 runed translucent door, brujo666's ghost, amateur DsBe
D:10 2 transporters, exclusion: orange crystal statue, Josephine


Innate Abilities, Weirdness & Mutations

You are mostly covered in thin metallic scales. (AC +3)
You are significantly more attuned to the shadows.


Message History

You feel much better. Josephine hits you but does no damage.
The wraith hits you. The wraith hits you but does no damage.
Josephine hits you with a +1 dagger of protection.
The wraith hits you! The wraith drains your vigour!
You feel as though you will be slow longer.
Unknown command.
You hit Josephine.
Josephine is moderately wounded.
The wraith hits you. Josephine casts a spell at you.
The ghostly flame explodes!
The ghostly fireball engulfs you!!
You feel drained.
* * * LOW HITPOINT WARNING * * *
The ghostly fireball engulfs the wraith.
The wraith completely resists.
The ghostly fireball engulfs the wraith.
The wraith completely resists.
The ghostly fireball engulfs Josephine.
Josephine completely resists.
You block the wraith's attack. The wraith hits you!
You die...

## #. #. #...+ @.. #.
#...# ... #######
#...#@.... #......
#...#.....####......
#...#..............รท
#.W@#W..............
#.W@#...............
#..W'...............
#...#...............
##############......
#..>..# #.....#
#.....# #.....'


You could see Josephine and 3 wraiths.

Vanquished Creatures
  Sigmund (D:3)
  A wraith (D:10)
  A black bear (D:6)
  An ice beast (D:6)
  A phantom (D:5)
  2 ogres
  A centaur (D:4)
  A big kobold (D:4)
  2 bullfrogs
  2 crimson imps
  2 hounds
  A gnoll shaman (D:5)
  An iguana (D:6)
  2 worker ants (D:4)
  A howler monkey zombie (D:6)
  4 gnolls (D:5)
  5 adders
  A howler monkey skeleton (D:6)
  A shadow imp (D:3)
  A white imp (D:6)
  2 oozes (D:2)
  An adder skeleton (D:6)
  2 worms
  2 dart slugs
  9 orcs
  3 giant cockroaches
  5 hobgoblins
  6 jackals (D:1)
  4 quokkas
  4 ball pythons
  8 bats
  2 frilled lizards
  7 goblins
  2 hobgoblin zombies (D:6)
  9 kobolds
  A kobold skeleton (D:6)
  A kobold zombie (D:6)
  An orc skeleton (D:6)
  An orc zombie (D:6)
  5 rats
107 creatures vanquished.

Notes
Turn   | Place    | Note
-------+----------+-------------------------------------------
     0 | D:1      | Peloso the Demonspawn Fighter began the quest for the Orb.
     0 | D:1      | Reached XP level 1. HP: 18/18 MP: 1/1
   428 | D:1      | Gained mutation: You are slightly more attuned to the
                  | shadows. [demonic ancestry]
   428 | D:1      | Reached XP level 2. HP: 17/24 MP: 2/2
   430 | D:1      | Reached skill level 2 in Long Blades
  1027 | D:2      | Reached XP level 3. HP: 27/29 MP: 3/3
  1676 | D:2      | Gained mutation: You are significantly more attuned to the
                  | shadows. [demonic ancestry]
  1676 | D:2      | Reached XP level 4. HP: 28/35 MP: 4/4
  1807 | D:2      | Found a blossoming altar of Fedhas.
  2143 | D:3      | Found a runed translucent door.
  2270 | D:3      | Reached skill level 3 in Long Blades
  2382 | D:3      | Noticed brujo666's ghost (amateur DsBe)
  2680 | D:3      | Found a bloodstained altar of Trog.
  2698 | D:3      | Noticed Sigmund
  2719 | D:3      | Killed Sigmund
  2719 | D:3      | Reached skill level 1 in Stealth
  2719 | D:3      | Gained mutation: You are partially covered in thin metallic
                  | scales. (AC +2) [demonic ancestry]
  2719 | D:3      | Reached XP level 5. HP: 10/42 MP: 5/5
  3011 | D:3      | Gained mutation: You are mostly covered in thin metallic
                  | scales. (AC +3) [demonic ancestry]
  3011 | D:3      | Reached XP level 6. HP: 41/48 MP: 6/6
  3284 | D:3      | Found a sacrificial altar of Ru.
  3489 | D:4      | Reached skill level 4 in Long Blades
  3572 | D:4      | Reached skill level 1 in Dodging
  4596 | D:5      | Entered Level 5 of the Dungeon
  4789 | D:5      | Reached XP level 7. HP: 38/54 MP: 7/7
  5482 | D:5      | Reached skill level 5 in Long Blades
  5707 | D:5      | Found a shimmering blue altar of Sif Muna.
  5802 | D:6      | Found a glowing golden altar of the Shining One.
  6000 | D:6      | Found a staircase to the Ecumenical Temple.
  6022 | Temple   | Entered the Ecumenical Temple
  6078 | Temple   | Became a worshipper of Warmaster Okawaru
  6168 | D:6      | Found a shattered altar of Ashenzari.
  6222 | D:6      | Reached XP level 8. HP: 48/61 MP: 8/8
  6238 | D:6      | Reached * piety under Okawaru
  6841 | D:6      | Found a white marble altar of Elyvilon.
  7291 | D:8      | Found a staircase to the Lair.
  7291 | D:8      | You fall into a shaft and drop 2 floors!
  7291 | D:10     | Entered Level 10 of the Dungeon
  7291 | D:10     | Found a transporter.
  7338 | D:10     | Noticed an orange crystal statue
  7350 | D:10     | Noticed a stone giant
  7351 | D:10     | Found a transporter.
  7352 | D:10     | Noticed a flayed ghost
  7536 | D:10     | Noticed a purple ugly thing
  7573 | D:10     | Noticed Josephine
  7600 | D:10     | Reached skill level 6 in Long Blades
  7711 | D:10     | Reached skill level 5 in Armour
  7877 | D:10     | HP: 2/61 [Josephine/ghostly fireball (21)]
  7877 | D:10     | Slain by a wraith

Illustrated notes

Levels and vault maps discovered:
D:1:      dpeg_arrival_lava_temple_mockup, layout_basic, minmay_liquid_box
D:2:      layout_rooms, fedhas_altar_fruit_tree
D:3:      layout_loops_cross, nicolae_overflow_hidden_temple,
          nicolae_ru_path_of_blood, first_ration, ebering_ghost_sewer_d,
          uniq_sigmund
D:4:      layout_layer_cave
D:5:      layout_loops_ring, marbit_many_paths
D:6:      layout_gridville, nicolae_tso_besieged_by_evil,
          nicolae_overflow_crystal_walls, ashenzari_altar_1,
          minmay_temple_entry_mist, kennysheep_generic_room_4
D:7:      layout_cave_pools, basic_altar, bh_chokoban
D:8:      layout_basic, erik_lair_orcish_takeover, grunt_ogre_cave,
          minmay_statues_item
D:10:     gammafunk_sealed_arena, layout_gridville, uniq_josephine
Temple:   zaba_magenta_temple

Skill      XL: |  1  2  3  4  5  6  7  8 |
---------------+-------------------------+-----
Long Blades    | 2 3 4 5 6 |  6.1
Shields        | 3 4 |  4.3
Armour         | 3 4 5 |  5.0
Stealth        | 1 2 3 |  3.0
Fighting       | 4 |  4.9
Dodging        | 1 2 |  2.0

Action                   |  1- 3 |  4- 6 |  7- 9 || total
-------------------------+-------+-------+-------++-------
Melee: Long sword        |   148 |   167 |   230 ||   545
Invok: Heroism           |       |       |     1 ||     1
  Use: Scroll            |     1 |     3 |       ||     4
       Potion            |       |     2 |     3 ||     5
 Stab: Sleeping          |       |     9 |     9 ||    18
  Eat: Chunk             |     3 |     8 |     9 ||    20
       Ration            |       |       |     1 ||     1
Armor: Scale mail        |   128 |    57 |   111 ||   296
Dodge: Dodged            |    68 |    43 |    77 ||   188
Block: Kite shield       |   115 |    80 |   102 ||   297
       Rpst.: Long sword |    20 |    13 |    20 ||    53
